 Dungeon Crawl Stone Soup version 0.21-a0-630-g344d351 (webtiles) character file.

200 tsouns the Charmwright (level 5, -1/43 HPs)
             Began as a Gnoll Skald on Dec 26, 2017.
             Slain by Sigmund
             ... wielding a +0 scythe
              (12 damage)
             ... on level 4 of the Dungeon.
             The game lasted 00:07:31 (1954 turns).

tsouns the Charmwright (Gnoll Skald)                Turns: 1954, Time: 00:07:32

Health: -1/43      AC:  3    Str: 14    XL:     5   Next: 79%
Magic:  6/12       EV: 14    Int: 16    God:
Gold:   248        SH:  0    Dex: 14    Spells: 3/14 levels left

rFire    . . .     SeeInvis .   a - +0 falchion
rCold    . . .     Gourm    .   (no shield)
rNeg     . . .     Faith    .   b - +0 leather armour
rPois    .         Spirit   .   (no helmet)
rElec    .         Reflect  .   (no cloak)
rCorr    .         Harm     .   (no gloves)
MR       .....                  (no boots)
Stlth    ++........             (no amulet)
HPRegen  0.14/turn              (no ring)
MPRegen  0.13/turn              (no ring)

@: infused, berserk cooldown, very slightly contaminated, slowed, very slow
A: distributed training, fangs 1, strong nose
a: no special abilities


You were on level 4 of the Dungeon.
You were not hungry.

You visited 1 branch of the dungeon, and saw 4 of its levels.

You collected 248 gold pieces.

Inventory:

Hand Weapons
 a - a +0 falchion (weapon)
Missiles
 k - 151 stones (quivered)
Armour
 b - a +0 leather armour (worn)
Scrolls
 g - a scroll of identify
 i - a scroll of teleportation
 l - 2 scrolls of remove curse
 o - a scroll of fear
 q - a scroll of blinking
Potions
 e - a potion of lignification
 j - a potion of mutation
 m - a potion of flight
 p - a potion of curing
Books
 c - a book of Battle

   Spells                             Type                      Level
   a - Infusion                       Charms                       1
   b - Shroud of Golubria             Charms/Translocation         2
   c - Song of Slaying                Charms                       2
   d - Spectral Weapon                Hexes/Charms                 3
   e - Regeneration                   Charms/Necromancy            3
Comestibles
 d - 5 rations


   Skills:
 + Level 4.8 Fighting
 + Level 1.6 Short Blades
 + Level 4.8 Long Blades
 + Level 1.6 Axes
 + Level 1.6 Maces & Flails
 + Level 1.6 Polearms
 + Level 1.6 Staves
 + Level 1.6 Slings
 + Level 1.6 Bows
 + Level 1.6 Crossbows
 + Level 1.6 Throwing
 + Level 3.0 Armour
 + Level 4.8 Dodging
 + Level 1.6 Stealth
 + Level 1.6 Shields
 + Level 1.6 Unarmed Combat
 + Level 5.2 Spellcasting
 + Level 1.2 Conjurations
 + Level 1.2 Hexes
 + Level 5.5 Charms
 + Level 1.2 Summonings
 + Level 1.2 Necromancy
 + Level 1.2 Translocations
 + Level 1.2 Transmutations
 + Level 1.2 Fire Magic
 + Level 1.2 Ice Magic
 + Level 1.2 Air Magic
 + Level 1.2 Earth Magic
 + Level 1.2 Poison Magic
 + Level 1.8 Invocations
 + Level 1.6 Evocations


You had 3 spell levels left.
You knew the following spells:

 Your Spells              Type           Power        Failure   Level  Hunger
a - Infusion              Chrm           ###.         1%          1    None
b - Song of Slaying       Chrm           ###.....     2%          2    #......
c - Shroud of Golubria    Chrm/Tloc      ###.......   7%          2    #......
d - Regeneration          Chrm/Necr      ###.......   13%         3    ###....
e - Spectral Weapon       Hex/Chrm       ###.....     13%         3    ###....


Dungeon Overview and Level Annotations

Branches:
Dungeon (4/15)
 Temple: D:4-7

Altars:
Makhleb
Nemelex Xobeh

Annotations:
D:4 Sigmund


Innate Abilities, Weirdness & Mutations

Your experience applies equally to all skills.
You have very sharp teeth.
Your uncanny sense of smell can sniff out nearby items.


Message History

You feel yourself moving faster!
You feel mighty!
You feel a strong urge to attack something.
Something hits you.
You slash something! You closely miss something. Something barely misses you.
You miss something. You miss something. You punch something.
You miss something. You bite something. Something hits you!
You closely miss something. You closely miss something. Something hits you.
You closely miss something. You closely miss something.
You are no longer berserk.
You are exhausted.
You feel yourself slow down.
You completely miss something. Something hits you.
You miss something. Something hits you!
* * * LOW HITPOINT WARNING * * *
You miss something. Something hits you!
You die...

#.# #.. .# #.# #.# .#
#.####.#####.#
#.#........#.#
##.#.##.###.#.#
##...!##.# #.#.#
#.....##.###.#.#
########(..###.......#
........@.## #####[###
.########{# ##.######
#.# #........ #'#
#..#####. ... #..# #.
..... #..#####.
....... #.....##.
......... #........
+...@a....+..........


You could see a friendly spectral falchion.

Vanquished Creatures
  A howler monkey (D:4)
  A hound (D:4)
  A gnoll (D:1)
  4 adders
  2 worms (D:3)
  2 dart slugs
  2 leopard geckos (D:1)
  2 orcs
  A ball python (D:2)
  10 bats
  3 giant cockroaches
  7 goblins
  5 hobgoblins
  4 jackals (D:2)
  6 kobolds
  A quokka (D:2)
  8 frilled lizards
  15 rats
75 creatures vanquished.

Notes
Turn   | Place    | Note
-------+----------+-------------------------------------------
     0 | D:1      | tsouns the Gnoll Skald began the quest for the Orb.
     0 | D:1      | Reached XP level 1. HP: 20/20 MP: 6/6
    62 | D:1      | Reached XP level 2. HP: 21/26 MP: 7/7
    76 | D:1      | Learned a level 2 spell: Song of Slaying
    79 | D:1      | Learned a level 2 spell: Shroud of Golubria
   133 | D:1      | Reached XP level 3. HP: 18/31 MP: 0/9
   139 | D:1      | Reached skill level 5 in Spellcasting
   303 | D:1      | Reached skill level 1 in Invocations
   526 | D:2      | Reached skill level 1 in Short Blades
   526 | D:2      | Reached skill level 1 in Axes
   526 | D:2      | Reached skill level 1 in Maces & Flails
   526 | D:2      | Reached skill level 1 in Polearms
   526 | D:2      | Reached skill level 1 in Staves
   526 | D:2      | Reached skill level 1 in Slings
   526 | D:2      | Reached skill level 1 in Bows
   526 | D:2      | Reached skill level 1 in Crossbows
   526 | D:2      | Reached skill level 1 in Throwing
   526 | D:2      | Reached skill level 1 in Stealth
   526 | D:2      | Reached skill level 1 in Shields
   526 | D:2      | Reached skill level 1 in Unarmed Combat
   526 | D:2      | Reached skill level 1 in Evocations
   532 | D:2      | Reached XP level 4. HP: 34/38 MP: 7/11
   585 | D:2      | Found a burning altar of Makhleb.
   585 | D:2      | Noticed a cacodemon
   702 | D:2      | Learned a level 3 spell: Regeneration
   706 | D:2      | Learned a level 3 spell: Spectral Weapon
   813 | D:2      | Reached skill level 1 in Conjurations
   813 | D:2      | Reached skill level 1 in Hexes
   813 | D:2      | Reached skill level 1 in Summonings
   813 | D:2      | Reached skill level 1 in Necromancy
   813 | D:2      | Reached skill level 1 in Translocations
   813 | D:2      | Reached skill level 1 in Transmutations
   813 | D:2      | Reached skill level 1 in Fire Magic
   813 | D:2      | Reached skill level 1 in Ice Magic
   813 | D:2      | Reached skill level 1 in Air Magic
   813 | D:2      | Reached skill level 1 in Earth Magic
   813 | D:2      | Reached skill level 1 in Poison Magic
   947 | D:2      | Found a sparkling altar of Nemelex Xobeh.
  1393 | D:3      | Reached XP level 5. HP: 40/43 MP: 12/12
  1471 | D:3      | Noticed a centaur
  1854 | D:4      | Noticed Sigmund
  1954 | D:4      | Slain by Sigmund

Vault maps used:
D:1:      lightli_arrival_noodles, st_stairs_1, minmay_octomino_e4
D:2:      makhleb_altar_promises_db, first_ration, nemelex_diamond_rough_becter
D:3:      lightli_corner_chamber
D:4:      led_sif_book, uniq_sigmund

Skill      XL: |  1  2  3  4  5 |
---------------+----------------+-----
Spellcasting   | 5 |  5.2
Invocations    | 1 |  1.8
Short Blades   | 1 |  1.6
Axes           | 1 |  1.6
Maces & Flails | 1 |  1.6
Polearms       | 1 |  1.6
Staves         | 1 |  1.6
Slings         | 1 |  1.6
Bows           | 1 |  1.6
Crossbows      | 1 |  1.6
Throwing       | 1 |  1.6
Stealth        | 1 |  1.6
Shields        | 1 |  1.6
Unarmed Combat | 1 |  1.6
Evocations     | 1 |  1.6
Conjurations   | 1 |  1.2
Hexes          | 1 |  1.2
Summonings     | 1 |  1.2
Necromancy     | 1 |  1.2
Translocations | 1 |  1.2
Transmutations | 1 |  1.2
Fire Magic     | 1 |  1.2
Ice Magic      | 1 |  1.2
Air Magic      | 1 |  1.2
Earth Magic    | 1 |  1.2
Poison Magic   | 1 |  1.2
Armour         | 3 |  3.0
Fighting       | |  4.8
Long Blades    | |  4.8
Dodging        | |  4.8
Charms         | |  5.5

Action                   |  1- 3 |  4- 6 || total
-------------------------+-------+-------++-------
Melee: Falchion          |    88 |   116 ||   204
       Bite              |    12 |    17 ||    29
       Punch             |       |     1 ||     1
 Cast: Infusion          |     1 |     1 ||     2
       Shroud of Golubri |     2 |     2 ||     4
       Song of Slaying   |     2 |       ||     2
       Spectral Weapon   |       |     3 ||     3
  Use: Scroll            |       |    11 ||    11
       Potion            |       |     1 ||     1
 Stab: Distracted        |       |     1 ||     1
  Eat: Chunk             |       |     4 ||     4
Armor: Leather armour    |    15 |    18 ||    33
Dodge: Dodged            |    71 |    87 ||   158
       Rpst.: Falchion   |    28 |    29 ||    57

Table legend:
 A = Spawn XP
 B = Non-spawn XP
 C = Spawn XP percentage of total XP
 D = Spawn monster count
 E = Non-spawn monster count
 F = Spawn count percentage of total count
 G = Total turns spent on level
                    A         B        C        D         E        F      G
               +---------+---------+-------+---------+---------+-------+---------
         Total |       0 |     287 |   0.0 |       0 |      75 |   0.0 |  1954
               +---------+---------+-------+---------+---------+-------+---------
           D:1 |       0 |      68 |   0.0 |       0 |      33 |   0.0 |   480
           D:2 |       0 |      73 |   0.0 |       0 |      24 |   0.0 |   647
           D:3 |       0 |      45 |   0.0 |       0 |      14 |   0.0 |   636
           D:4 |       0 |     101 |   0.0 |       0 |       4 |   0.0 |   191
               +---------+---------+-------+---------+---------+-------+---------
